 Dungeon Crawl Stone Soup version 0.31-a0-1321-g5021b54cb2 (webtiles) character file.

Game seed: 2708504282686832513

47211 grandjackal the Fighter (level 14, -1/132 HPs)
             Began as a Black Draconian Gladiator on Dec 20, 2023.
             Was a High Priest of Okawaru.
             Slain by an elephant (7 damage)
             ... on level 3 of the Lair of Beasts.
             The game lasted 00:27:13 (19460 turns).

grandjackal the Fighter (DrGl)                     Turns: 19460, Time: 00:27:14

Health: -1/132     AC: 11    Str: 18    XL:     14   Next: 7%
Magic:  23/23      EV: 24    Int:  8    God:    Okawaru [*****.]
Gold:   190        SH:  5    Dex: 17    Spells: 13/13 levels left

rFire   + . .        Y - +9 great sword of Indomitability {elec, rN++ Will+}
rCold   . . .        (shield currently unavailable)
rNeg    + + .        (body armour unavailable)
rPois   .            U - +0 hat {Stlth+}
rElec   +            I - +0 cloak
rCorr   .            B - +0 pair of gloves
SInv    .            V - +0 pair of boots
Will    ++...        L - amulet of reflection
Stlth   +++          O - ring of protection from fire
HPRegen 0.42/turn    y - +5 ring of evasion
MPRegen 0.18/turn

%: reflection
@: flying
A: breathe lightning, AC +8, unfitting armour, big wings, electricity
resistance, cold-blooded
a: Breathe Lightning, Renounce Religion, Heroism, Finesse, Duel


You were on level 3 of the Lair of Beasts.
You worshipped Okawaru.
Okawaru was extremely pleased with you.
You visited 4 branches of the dungeon, and saw 18 of its levels.
You also visited: Sewer.

You collected 1412 gold pieces.
You spent 1222 gold pieces at shops.

Inventory:

Hand Weapons
 a - a +0 scimitar of flaming
 Y - the +9 great sword of Indomitability (weapon) {elec, rN++ Will+}
   (You bought it in a shop on level 2 of the Dungeon)

   rN++:      It greatly protects you from negative energy.
   Will+:     It increases your willpower.
Missiles
 c - 5 throwing nets (quivered)
 d - 5 javelins
 h - 2 silver javelins
Armour
 B - a +0 pair of gloves (worn)
 I - a +0 cloak (worn)
 U - a +0 hat of stealth (worn)
 V - a +0 pair of boots (worn)
 W - a scarf of shadows
Jewellery
 s - a ring of positive energy
 y - a +5 ring of evasion (right hand)
 J - a ring of flight
 K - a ring of resist corrosion
 L - an amulet of reflection (around neck)
 O - a ring of protection from fire (left hand)
 P - an amulet of regeneration
 Q - a +4 ring of protection
 Z - a ring of positive energy
Wands
 t - a wand of flame (19)
 A - a wand of iceblast (4)
 R - a wand of mindburst (9)
Scrolls
 b - a scroll of silence {unknown}
 e - 2 scrolls of butterflies {unknown}
 f - 22 scrolls of identify {unknown}
 i - 5 scrolls of noise {unknown}
 l - 2 scrolls of enchant armour {unknown}
 p - 7 scrolls of teleportation {unknown}
 q - 2 scrolls of poison {unknown}
 u - 2 scrolls of brand weapon {unknown}
 v - 4 scrolls of revelation {unknown}
 x - 2 scrolls of blinking {unknown}
 C - 4 scrolls of amnesia {unknown}
 F - a scroll of fog {unknown}
 G - a scroll of enchant weapon {unknown}
 M - a scroll of vulnerability {unknown}
 S - 2 scrolls of immolation
 T - 2 scrolls of fear {unknown}
 X - a scroll of torment {unknown}
Potions
 g - 5 potions of heal wounds {unknown}
 j - 4 potions of attraction {unknown}
 k - 16 potions of curing {unknown}
 m - 3 potions of ambrosia {unknown}
 n - 3 potions of invisibility {unknown}
 o - 3 potions of might {unknown}
 r - 7 potions of haste {unknown}
 w - 3 potions of brilliance {unknown}
 z - 4 potions of mutation {unknown}
 D - 3 potions of degeneration {unknown}
 E - a potion of cancellation {unknown}
 H - 3 potions of magic {unknown}
Miscellaneous
 N - a phantom mirror


   Skills:
 + Level 14.3 Fighting
 + Level 13.2 Long Blades
 - Level 2.0 Throwing
 + Level 12.2 Dodging
 + Level 12.1 Invocations


You had 13 spell levels left.
You didn't know any spells.
Your spell library contained the following spells:

 Spells                   Type           Power      Damage    Failure   Level
 Freeze                   Ice            0%         1d3       41%         1
 Kiss of Death            Conj/Necr      0%         2d5       41%         1
 Slow                     Hex            0%         N/A       41%         1
 Sting                    Conj/Alch      0%         1d3       41%         1
 Cigotuvi's Dreadful Rot  Necr/Alch/Air  0%         N/A       54%         2
 Ensorcelled Hibernation  Hex/Ice        0%         N/A       54%         2
 Lesser Beckoning         Tloc           0%         N/A       54%         2
 Mercury Vapours          Alch/Air       0%         N/A       54%         2
 Passwall                 Alch/Erth      0%         N/A       54%         2
 Sublimation of Blood     Necr           0%         N/A       54%         2
 Confusing Touch          Hex            0%         N/A       78%         3
 Gell's Gravitas          Tloc           0%         N/A       78%         3
 Hailstorm                Conj/Ice       0%         3d5       78%         3
 Sigil of Binding         Hex            0%         N/A       78%         3
 Swiftness                Air            0%         N/A       78%         3
 Teleport Other           Tloc           0%         N/A       78%         3
 Vampiric Draining        Necr           0%         2d6       78%         3
 Dispel Undead            Necr           0%         3d6       99%         4
 Ignite Poison            Fire/Alch      0%         N/A       99%         4
 Olgreb's Toxic Radiance  Alch           0%         N/A       99%         4
 Petrify                  Alch/Erth      0%         N/A       99%         4
 Freezing Cloud           Conj/Ice/Air   0%         6-21      100%        5
 Irradiate                Conj/Alch      0%         3d11      100%        5
 Yara's Violent Unravell  Hex/Alch       0%         3d3       100%        5
 Ozocubu's Refrigeration  Ice            0%         4d7       100%        7
 Polar Vortex             Ice            0%         N/A       100%        9
 Summon Small Mammal      Summ           Unusable   N/A       N/A         1
 Call Canine Familiar     Summ           Unusable   N/A       N/A         3
 Summon Guardian Golem    Hex/Summ       Unusable   N/A       N/A         3
 Simulacrum               Ice/Necr       Unusable   N/A       N/A         6

Dungeon Overview and Level Annotations

Branches:
Dungeon (13/15)            Temple (1/1) D:4            Lair (3/5) D:11
  Swamp (0/4) Lair:2       Spider (0/4) Lair:3          Orc (1/2) D:9
  Sewer (visited)
 Vaults: D:13-14

Altars:
Ashenzari
Cheibriados
Dithmenos
Elyvilon
Fedhas
Gozag
Hepliaklqana
Kikubaaqudgha
Makhleb
Nemelex Xobeh
Okawaru
Qazlal
Ru
Sif Muna
Trog
Uskayaw
Vehumet
Wu Jian
Xom
Yredelemnul
Zin
The Shining One

Shops:
D:2 ([   D:8 ![   D:11 *   D:12 ?

Annotations:
D:3 1 runed translucent door, experimilk's ghost, amateur DENe
D:13 Jorgrun
Lair:1 1 runed translucent door, Zacwowae's ghost, journeyman MiFi


Innate Abilities, Weirdness & Mutations

You can breathe wild blasts of lightning.
Your glossy black scales are hard. (AC +8)
You cannot fit into any form of body armour.
Your large and strong wings let you fly.
You are resistant to electric shocks. (rElec)
You are cold-blooded and may be slowed by cold attacks.


Message History

You hit the elephant.
You tail-slap the elephant, but do no damage.
The elephant is lightly wounded.
You block the komodo dragon's attack. The elephant misses you.
The elephant closely misses you. The elephant misses you.
The elephant trunk-slaps you but does no damage.
Unknown command.
You slice the elephant!! Lightning courses through the elephant!
You kill the elephant!
Okawaru accepts your kill. The komodo dragon bites you!!
The elephant completely misses you. x2
The elephant barely misses you. You block the elephant's attack.
You slice the elephant!!
Lightning courses through the elephant!!
You tail-slap the elephant, but do no damage.
The elephant is severely wounded.
The komodo dragon barely misses you. The elephant tramples you!
You are shoved backwards!
Unknown command.
You are too injured to fight recklessly!
Unknown command.
You are too injured to fight recklessly!
You are too injured to fight recklessly!
Unknown command.
You hit the komodo dragon but do no damage.
Lightning courses through the komodo dragon!
The komodo dragon is moderately wounded.
The komodo dragon bites you!
* * * LOW HITPOINT WARNING * * *
The elephant tramples you!
* * * LOW HITPOINT WARNING * * *
You hold your ground!
The elephant closely misses you.
You slice the komodo dragon!!
You tail-slap the komodo dragon, but do no damage.
The komodo dragon is severely wounded.
The komodo dragon bites you!!
* * * LOW HITPOINT WARNING * * *
The elephant completely misses you. The elephant barely misses you.
The elephant tramples you!
You die...

##.....##
.......#
##......
#P.....##
##.......#
#........#
#P.†...P####.
#..YYlP......
#...@.##.#.#.
##..### #
#...# ### ..
#...###..##..
##............
#.#..P..PP...
##.#.....PP...
#....†....P..#
##...........#


You could see 2 elephants and a komodo dragon.

Vanquished Creatures
  Gastronok (D:11)
  Kirke (Lair:3)
  Harold (D:11)
  3 hydras
  An entropy weaver (shapeshifter) (D:10)
  Erolcha (D:9)
  An ogre mage (D:10)
  A catoblepas (D:11)
  A centaur warrior (D:13)
  A death knight (D:11)
  Erica (D:11)
  A boulder beetle (Lair:1)
  4 two-headed ogres
  3 death yaks (Lair:3)
  2 deep elf pyromancers
  2 oklob plants
  4 ugly things
  A manticore (D:13)
  A cyclops (D:11)
  5 elephants
  Maggie (D:8)
  9 cane toads
  7 komodo dragons
  An unseen horror (D:8)
  Psyche (D:8)
  2 tengu conjurers
  A rime drake (Lair:1)
  5 trolls
  A polar bear (Lair:1)
  Prince Ribbit (D:8)
  13 blink frogs
  Sigmund (D:4)
  A jumping spider (Lair:3)
  2 shadows
  A culicivora (Lair:3)
  4 slime creatures (D:11)
  6 wyverns
  36 yaks
  3 wraiths (D:10)
  2 vampires
  5 basilisks
  A fire elemental (D:13)
  A steam dragon (D:8)
  Grum (D:8)
  3 humans (Lair:3)
  A warg (D:9)
  A hog (Lair:3)
  8 vampire mosquitoes
  12 water moccasins
  Pargi (Sewer)
  7 orc warriors
  A sky beast (D:6)
  4 black bears
  2 ice beasts
  3 ogres
  5 centaurs
  7 wolves
  8 kobold brigands
  7 bullfrogs
  A brain worm (Sewer)
  2 scorpions (D:4)
  2 gnoll sergeants
  7 wights
  15 killer bees
  4 electric eels
  4 howler monkeys
  A lava snake (Lair:1)
  2 jellies (D:6)
  13 orc priests
  3 hounds
  3 gnoll boudas
  Jessica (D:2)
  18 orc wizards
  4 iguanas
  A mummy (D:5)
  18 gnolls
  5 adders
  A white imp (D:4)
  4 ufetubi
  2 worms
  3 dart slugs
  65 orcs
  3 bats
  11 endoplasms
  9 giant cockroaches
  11 hobgoblins
  3 jackals (D:4)
  37 kobolds
  8 quokkas
  14 ball pythons
  6 frilled lizards
  19 goblins
  A hobgoblin zombie (D:5)
  A kobold zombie (D:5)
  2 orc zombies (D:5)
  10 rats (D:1)
526 creatures vanquished.

Vanquished Creatures (others)
  A black bear (D:11)
  An orc (D:3)
  2 kobolds (D:8)
4 creatures vanquished.

Grand Total: 530 creatures vanquished

Notes
Turn   | Place    | Note
-------+----------+-------------------------------------------
     0 | D:1      | grandjackal the Draconian Gladiator began the quest for the
                  | Orb.
     0 | D:1      | Reached XP level 1. HP: 17/17 MP: 1/1
    65 | D:1      | Reached XP level 2. HP: 16/25 MP: 2/2
   274 | D:1      | Found a faded altar of an unknown god.
   547 | D:1      | Reached XP level 3. HP: 30/30 MP: 3/3
   939 | D:2      | Noticed Jessica
   945 | D:2      | Reached skill level 3 in Fighting
  1043 | D:2      | Identified the +7 spear of Ignis {drain, rC+}
  1088 | D:2      | Found Veq Angi's Weapon Emporium.
  1187 | D:2      | Found Enkawix's Armour Boutique.
  1250 | D:2      | Killed Jessica
  1251 | D:2      | Reached XP level 4. HP: 31/38 MP: 4/4
  1604 | D:3      | Found a runed translucent door.
  1606 | D:3      | Noticed experimilk's ghost (amateur DENe)
  1611 | D:3      | Found a glowing golden altar of the Shining One.
  1792 | D:3      | Reached XP level 5. HP: 42/46 MP: 5/5
  1877 | D:3      | Found a sacrificial altar of Ru.
  2220 | D:4      | Found a staircase to the Ecumenical Temple.
  2252 | Temple   | Entered the Ecumenical Temple
  2446 | D:4      | Reached skill level 4 in Fighting
  2523 | D:4      | Got the Volume of Entranced Frost
  2823 | D:4      | Found a sparkling altar of Nemelex Xobeh.
  2867 | D:4      | Reached XP level 6. HP: 51/53 MP: 6/6
  3058 | D:4      | Found an ancient bone altar of Kikubaaqudgha.
  3068 | D:4      | Found a radiant altar of Vehumet.
  3108 | D:4      | Found a shimmering blue altar of Sif Muna.
  3133 | D:4      | Reached skill level 5 in Long Blades
  3234 | D:4      | Reached skill level 5 in Fighting
  3264 | D:4      | Noticed Sigmund
  3283 | D:4      | Killed Sigmund
  3284 | D:4      | Your scales start taking on a glossy black colour.
  3284 | D:4      | Reached XP level 7. HP: 55/61 MP: 7/7
  3284 | D:4      | Gained mutation: You are resistant to electric shocks.
                  | (rElec) [Black Draconian growth]
  3389 | D:5      | Entered Level 5 of the Dungeon
  3496 | D:5      | Noticed a wyvern
  3576 | D:5      | Reached skill level 5 in Dodging
  3603 | D:5      | Noticed a wyvern
  3617 | D:5      | Killed a wyvern
  3618 | D:5      | Reached skill level 6 in Fighting
  3633 | D:5      | Killed a wyvern
  3634 | D:5      | Reached XP level 8. HP: 37/71 MP: 8/8
  4569 | D:5      | Reached skill level 7 in Fighting
  4687 | D:6      | Found a glowing drain.
  4719 | Sewer    | Entered a sewer
  4864 | Sewer    | Noticed Pargi
  4885 | Sewer    | Killed Pargi
  5046 | D:6      | Reached XP level 9. HP: 74/81 MP: 9/9
  5127 | D:6      | Found an iron altar of Okawaru.
  5152 | D:6      | Became a worshipper of Warmaster Okawaru
  5392 | D:6      | Reached skill level 8 in Fighting
  5392 | D:6      | Reached skill level 1 in Invocations
  6226 | D:7      | Reached * piety under Okawaru
  6442 | D:7      | Found a white marble altar of Elyvilon.
  6601 | D:7      | Identified the +8 flail "Dragon's Tongue" {drain, Str+2}
  7063 | D:8      | Noticed Psyche
  7063 | D:8      | Found Zaskoek's Armour Boutique.
  7070 | D:8      | Killed Psyche
  7101 | D:8      | Reached ** piety under Okawaru
  7142 | D:8      | Reached skill level 9 in Fighting
  7218 | D:8      | Noticed Grum
  7243 | D:8      | Killed Grum
  7244 | D:8      | Reached XP level 10. HP: 20/91 MP: 13/13
  7473 | D:8      | Noticed Prince Ribbit
  7492 | D:8      | Killed Prince Ribbit
  7906 | D:8      | Found Uzanarr's Distillery.
  8125 | D:8      | Reached *** piety under Okawaru
  8151 | D:8      | Noticed Maggie
  8160 | D:8      | Reached skill level 5 in Invocations
  8168 | D:8      | Killed Maggie
  8675 | D:9      | Noticed Erolcha
  9190 | D:9      | Reached skill level 10 in Fighting
  9197 | D:9      | Found a staircase to the Orcish Mines.
  9201 | D:9      | Reached **** piety under Okawaru
  9670 | D:9      | Killed Erolcha
  9670 | D:9      | Reached ***** piety under Okawaru
  9671 | D:9      | Reached XP level 11. HP: 22/101 MP: 14/16
 10111 | D:10     | Entered Level 10 of the Dungeon
 10117 | D:10     | Found a bloodstained altar of Trog.
 10120 | D:10     | Found a shadowy altar of Dithmenos.
 10120 | D:10     | Found a blossoming altar of Fedhas.
 10126 | D:10     | Found an ornate altar of the Wu Jian Council.
 10126 | D:10     | Found a snail-covered altar of Cheibriados.
 10127 | D:10     | Found a shimmering altar of Xom.
 10157 | D:10     | Noticed a seven-headed hydra
 10872 | D:10     | Reached skill level 10 in Long Blades
 10906 | D:10     | Noticed a two-headed ogre
 10916 | D:10     | Killed a two-headed ogre
 11006 | D:11     | Noticed Harold
 11293 | D:11     | Killed Harold
 11311 | D:11     | Received a gift from Okawaru
 11316 | D:11     | Reached skill level 11 in Fighting
 11366 | D:11     | Noticed Erica
 11369 | D:11     | Noticed a death knight
 11371 | D:11     | Killed Erica
 11427 | D:11     | Noticed a two-headed ogre
 11427 | D:11     | Noticed a two-headed ogre
 11570 | D:11     | Found Afacwis's General Store.
 11580 | D:11     | Noticed an entropy weaver
 11597 | D:10     | Killed an entropy weaver
 11860 | D:10     | Killed a two-headed ogre
 12168 | D:11     | Noticed an ogre mage
 12365 | D:10     | Killed an ogre mage
 12366 | D:10     | Reached skill level 10 in Dodging
 12366 | D:10     | Reached XP level 12. HP: 111/111 MP: 16/18
 12422 | D:11     | Received a gift from Okawaru
 12556 | D:11     | Noticed Gastronok
 12612 | D:11     | Killed a death knight
 12790 | D:11     | Found a staircase to the Lair.
 12988 | D:11     | Killed Gastronok
 12989 | D:11     | Reached skill level 12 in Fighting
 13199 | D:11     | Killed a two-headed ogre
 13325 | D:12     | Noticed a catoblepas
 13340 | D:11     | Killed a catoblepas
 13536 | D:12     | Noticed a two-headed ogre
 14251 | D:12     | Found a snail-covered altar of Cheibriados.
 14398 | D:12     | Found Sokhuav's Magic Scroll Shop.
 14415 | D:12     | Received a gift from Okawaru
 14512 | D:12     | Killed a two-headed ogre
 15059 | D:13     | Reached skill level 10 in Invocations
 15130 | D:13     | Noticed a centaur warrior
 15185 | D:13     | Killed a centaur warrior
 15298 | D:13     | Noticed Jorgrun
 15807 | Orc:1    | Entered Level 1 of the Orcish Mines
 15807 | Orc:1    | Noticed an orc warlord
 15888 | Lair:1   | Entered Level 1 of the Lair of Beasts
 15981 | Lair:1   | Noticed a boulder beetle
 16011 | Lair:1   | Reached XP level 13. HP: 78/119 MP: 20/20
 16016 | Lair:1   | Reached skill level 13 in Fighting
 16029 | Lair:1   | Received a gift from Okawaru
 16905 | Lair:1   | Found a runed translucent door.
 16907 | Lair:1   | Found a shimmering altar of Xom.
 16907 | Lair:1   | Noticed Zacwowae's ghost (journeyman MiFi)
 17513 | D:2      | Bought the +9 great sword of Indomitability {elec, rN++
                  | Will+} for 1180 gold pieces
 17513 | D:2      | Bought a throwing net for 42 gold pieces
 17962 | Lair:2   | Received a gift from Okawaru
 18289 | Lair:2   | Found a staircase to the Swamp.
 18860 | Lair:3   | Reached skill level 14 in Fighting
 19150 | Lair:3   | Noticed Kirke
 19161 | Lair:3   | Killed Kirke
 19195 | Lair:3   | Found a hole to the Spider Nest.
 19271 | Lair:3   | Received a gift from Okawaru
 19272 | Lair:3   | Gained mutation: Your large and strong wings let you fly.
                  | [Black Draconian growth]
 19272 | Lair:3   | Reached XP level 14. HP: 113/132 MP: 20/23
 19460 | Lair:3   | HP: 6/132 [komodo dragon (20)]
 19460 | Lair:3   | Slain by an elephant

Illustrated notes

Levels and vault maps discovered:
D:1:      dpeg_arrival_tiny_k, layout_loops_cross,
          shapermc_ecumenical_altar_mp_urbaneastern, minmay_stone_trees_small,
          minmay_tree_intersection, grunt_decor_mini_mirrors,
          minmay_rat_gold_closets
D:2:      cheibrodos_greedy_goblins, layout_basic, serial_shops,
          nicolae_shop_back_alley_shop, nicolae_shop_tiny_real_fake_doors,
          uniq_jessica
D:3:      layout_rooms, overflow_temple_1_default, amcnicky_altar_gilded,
          ebering_ghost_inner_flame, grunt_decor_cap, grunt_decor_junction
D:4:      layout_loops_corners, palyth_temple_overflow_mages,
          nemelex_diamond_rough_becter, minmay_temple_entry_wispy,
          minmay_checkerbox, uniq_sigmund
D:5:      layout_cave_pools, minmay_crystal_room, wad_floor_pattern_1,
          minmay_misc_feat_tiny, minmay_mini_ossuary
D:6:      layout_rooms, okawaru_altar_gauntlet_db, gup_sewer_entry_pipe
D:7:      layout_loops_corners, kennysheep_mini_moat, hangedman_decor_points
D:8:      layout_rooms, serial_shops, shop, nicolae_stop_n_shop_1,
          minmay_three_doors, uniq_grum, uniq_maggie, uniq_psyche,
          uniq_prince_ribbit1
D:9:      layout_loops_ring, erik_orc_3, st_stairs_3, uniq_erolcha
D:10:     layout_gridville, grunt_temple_overflow_open
D:11:     cheibrodos_fzero, layout_cave_pools, david_lair_generic, serial_shops,
          nicolae_shop_window_shopping, uniq_erica, uniq_gastronok, uniq_harold
D:12:     layout_rooms, special_room [special_room_orc], serial_shops,
          shop_fountains, slow_altar_1
D:13:     layout_roguey, portal_ice_cave_rime, grunt_ministairs_5,
          kennysheep_big_empty_room, kennysheep_generic_room_3, uniq_jorgrun
Temple:   pf_temple_reverse_labyrinth
Lair:1:   layout_gridlike, ebering_ghost_xom, grunt_megastairs_2,
          serial_bayou_shore_a, infiniplex_staircase_pool_2
Lair:2:   layout_loops_ring, minmay_swamp_entry_swarm, grunt_megastairs_3,
          lemuel_fruit_fields, serial_bayou_shore_b
Lair:3:   layout_chaotic_city, spider_nest_entry_rubble, uniq_kirke
Orc:1:    layout_caves, minmay_orc_temple_c

Skill      XL: |  1  2  3  4  5  6  7  8  9 10 11 12 13 |
---------------+----------------------------------------+-----
Throwing       | 2 |  2.0
Dodging        | 3 4 5 6 7 8 10 11 12 | 12.2
Fighting       | 3 4 5 6 7 9 10 11 12 14 | 14.3
Long Blades    | 4 5 6 7 8 9 10 12 13 | 13.2
Invocations    | 4 6 8 10 12 | 12.1

Action                     |  1- 3 |  4- 6 |  7- 9 | 10-12 | 13-15 || total
---------------------------+-------+-------+-------+-------+-------++-------
  Melee: Long sword        |    19 |       |    36 |       |       ||    55
         Tailslap          |     9 |    27 |   109 |   135 |    67 ||   347
         Dagger            |    74 |   181 |   434 |     3 |       ||   692
         Punch             |     1 |     2 |     6 |     3 |       ||    12
         Great sword       |       |       |    91 |   597 |   335 ||  1023
         Scimitar          |       |       |       |   124 |    17 ||   141
  Throw: Throwing net      |       |       |     3 |     5 |       ||     8
 Invoke: Heroism           |       |       |     1 |     7 |     4 ||    12
         Finesse           |       |       |       |     2 |       ||     2
Ability: Breathe Lightning |       |       |       |     7 |     2 ||     9
  Evoke: Wand              |       |       |       |    10 |       ||    10
   Stab: Sleeping          |     2 |     3 |     1 |     3 |     3 ||    12
         Distracted        |       |       |       |     1 |       ||     1
 Armour: Skin              |    35 |    74 |   222 |   403 |   148 ||   882
  Dodge: Dodged            |    58 |    90 |   684 |   903 |   429 ||  2164
  Block: Other             |       |       |       |   179 |    78 ||   257
         Reflection        |       |       |       |     4 |     1 ||     5

Table legend: (Time is in decaauts)
 A = Elapsed time spent in this place.
 B = Non-inter-level travel time spent in this place.
 C = Inter-level travel time spent in this place.
 D = Time resting spent in this place.
 E = Time spent auto-exploring this place.
 F = Levels seen in this place.
 G = Mean time per level.
                   A        B        C        D        E       F      G
               +--------+--------+--------+--------+--------+-----+--------+
         Total |  19561 |  18413 |   1148 |   5077 |   8442 |  19 | 1029.5 |
       Dungeon |  16074 |  15012 |   1062 |   4721 |   6257 |  13 | 1236.5 |
        Temple |      1 |      1 |      0 |      0 |      0 |   1 |    1.0 |
          Lair |   3224 |   3139 |     85 |    356 |   2098 |   3 | 1074.7 |
  Orcish Mines |      3 |      3 |      0 |      0 |      0 |   1 |    3.0 |
         Sewer |    256 |    256 |      0 |      0 |     86 |   1 |  256.0 |
               +--------+--------+--------+--------+--------+-----+--------+

Top non-repeatable levels by time:
    D:10: 2433 daAuts
    D:11: 1809 daAuts
     D:9: 1741 daAuts
     D:4: 1513 daAuts
  Lair:1: 1481 daAuts
     D:7: 1436 daAuts
     D:8: 1336 daAuts
  Lair:2: 1094 daAuts
     D:6: 1081 daAuts
     D:1: 920 daAuts
     D:5: 879 daAuts
    D:13: 798 daAuts
    D:12: 797 daAuts
     D:2: 687 daAuts
  Lair:3: 648 daAuts
